 Dungeon Crawl Stone Soup version 0.31-a0-196-g86fe4a5e66 (webtiles) character file.

Game seed: 12942429828870501224

2044 Dylgear the Cleaver (level 9, -7/69 HPs)
             Began as a Formicid Fighter on June 24, 2023.
             Was an Initiate of Wu Jian.
             Mangled by a wyvern (10 damage)
             ... on level 6 of the Dungeon on June 25, 2023.
             The game lasted 00:18:33 (7380 turns).

Dylgear the Cleaver (Formicid Fighter)              Turns: 7380, Time: 00:18:34

Health: -7/69      AC: 11    Str: 23    XL:     9   Next: 48%
Magic:  9/9        EV:  8    Int:  8    God:    Wu Jian [......]
Gold:   344        SH:  6    Dex: 15    Spells: 8/8 levels left

rFire   . . .        a - +0 war axe
rCold   . . .        c - +0 buckler
rNeg    + . .        m - +1 chain mail
rPois   +            (helmet unavailable)
rElec   .            (no cloak)
rCorr   .            (no gloves)
SInv    +            (no boots)
Will    .....        (no amulet) Stlth
                     g - ring of positive energy
HPRegen 0.31/turn    f - ring of poison resistance
MPRegen 0.11/turn

%: no passive effects
@: mighty
A: permanent stasis, dig shafts and tunnels, antennae 3, four strong arms
a: Dig, Shaft Self, Renounce Religion


You were on level 6 of the Dungeon.
You worshipped Wu Jian.
Wu Jian was noncommittal.
You visited 2 branches of the dungeon, and saw 8 of its levels.
You also visited: Sewer.

You collected 344 gold pieces.

Inventory:

Hand Weapons
 a - a +0 war axe (weapon)
 k - a +2 short sword of flaming
 p - a +0 heavy flail
Missiles
 u - 3 boomerangs
 w - 2 javelins
Armour
 c - a +0 buckler (worn)
 i - a +0 plate armour
 m - a +1 chain mail (worn)
Jewellery
 f - a ring of poison resistance (right hand)
 g - a ring of positive energy (left hand)
 s - a ring of wizardry
 y - a ring of ice
Wands
 l - a wand of paralysis (4)
 v - a wand of mindburst (15)
 x - a wand of polymorph (8)
Scrolls
 b - 2 scrolls of fog
 j - 3 scrolls of identify
 q - 2 scrolls of fear
Potions
 d - 5 potions of enlightenment
 h - 2 potions of ambrosia
 n - a potion of brilliance
 o - a potion of mutation
 t - a potion of attraction


   Skills:
 + Level 5.7 Fighting
 * Level 8.5 Axes
 * Level 6.2 Armour
 + Level 1.1 Dodging
 * Level 7.9 Shields


You had 8 spell levels left.
You didn't know any spells.
Your spell library contained the following spells:

 Spells                   Type           Power      Damage    Failure   Level
 Apportation              Tloc           0%         N/A       95%         1
 Slow                     Hex            0%         N/A       95%         1
 Confusing Touch          Hex            0%         N/A       100%        3
 Inner Flame              Hex/Fire       0%         N/A       100%        3
 Vampiric Draining        Necr           0%         2d6       100%        3
 Olgreb's Toxic Radiance  Pois           0%         N/A       100%        4
 Alistair's Intoxication  Tmut/Pois      0%         N/A       100%        5
 Yara's Violent Unravell  Hex/Tmut       0%         3d3       100%        5
 Enfeeble                 Hex            0%         N/A       100%        7
 Discord                  Hex            0%         N/A       100%        8
 Ignition                 Fire           0%         3d3       100%        8


Dungeon Overview and Level Annotations

Branches:
Dungeon (7/15)             Temple (1/1) D:6           Sewer (visited)

Altars:
Ashenzari
Cheibriados
Dithmenos
Elyvilon
Gozag
Hepliaklqana
Kikubaaqudgha
Makhleb
Okawaru
Qazlal
Ru
Sif Muna
Trog
Uskayaw
Vehumet
Wu Jian
Xom
Yredelemnul
Zin
The Shining One

Shops:
D:5 :

Annotations:
D:6 3 runed translucent doors, Gorgondantess's ghost, novice TeAE; IdlyInterested's ghost, novice DsFi; OldManVictorn's ghost, amateur GnDe; rabbitsville's ghost, novice HOCj


Innate Abilities, Weirdness & Mutations

You cannot be hasted, slowed, berserked, paralysed or teleported.
You can dig through walls and to a lower floor.
You have a pair of large antennae on your head. (SInv)
Your four strong arms can wield two-handed weapons with a shield.


Message History

The wyvern is heavily wounded.
You hit the wyvern but do no damage.
The wyvern bites you but does no damage. x2
You block the wyvern's attack. The wyvern closely misses you.
Unknown command.
You closely miss the wyvern.
The wyvern is heavily wounded.
You hit the wyvern. The wyvern bites you! The wyvern closely misses you.
The shadow imp shouts, "Despair, thou feckless elf-skinned measle!"
The wyvern bites you but does no damage.
Unknown command.
You are too injured to fight recklessly!
Unknown command.
You are too injured to fight recklessly!
Unknown command.
You are too injured to fight recklessly!
Unknown command.
You are too injured to fight recklessly!
You are too injured to fight recklessly!
Unknown command.
You are too injured to fight recklessly!
Unknown command.
The wyvern bites you but does no damage.
The wyvern bites you. The wyvern bites you!
* * * LOW HITPOINT WARNING * * *
You climb upwards.
Level annotation: 3 runed translucent doors, Gorgondantess's ghost, novice TeAE; IdlyInterested's ghost, novice DsFi; OldManVictorn's ghost, amateur GnDe; rabbitsville's ghost, novice HOCj
There is a stone staircase leading down here.
Unknown command.
You feel better. The wyvern bites you!
* * * LOW HITPOINT WARNING * * *
The wyvern bites you.
* * * LOW HITPOINT WARNING * * *
You block the wyvern's attack.
Okay, then.
You feel very mighty all of a sudden. The wyvern bites you.
* * * LOW HITPOINT WARNING * * *
You block the wyvern's attack. The wyvern bites you!
You die...

.##...# #.......#####
......# ##.......# ..###.#
#.......##
..###.####.......#
.............)..##
###...........).##
...##............#
....#...........l#
...#.#..........@#
...#.#..........l#########
...#.#...................#
#.#...#.........########.##
.##...#..#.....## ##..##
..#...#..>#.###########....#
.#.#.#.#..#.# #.....(....#
.#.#.#.#..#.# #.##...##..#
.#.#.#.#..#.#####.##...##..#


You could see 2 wyverns.

Vanquished Creatures
  An orc warrior (D:4)
  A black bear (D:5)
  An ogre (D:5)
  A centaur (D:5)
  2 phantoms (D:6)
  A kobold brigand (Sewer)
  4 scorpions
  4 howler monkeys
  2 jellies
  4 orc priests
  5 hounds
  A gnoll bouda (D:3)
  3 sleepcaps
  4 iguanas
  4 orc wizards
  9 gnolls
  12 adders
  2 river rats (D:3)
  2 shadow imps
  2 white imps (D:5)
  5 ufetubi
  5 worms
  4 dart slugs
  34 orcs
  12 ball pythons
  6 bats
  5 endoplasms
  3 giant cockroaches
  6 goblins
  6 hobgoblins
  4 jackals
  5 quokkas
  5 frilled lizards
  8 kobolds
  11 rats
184 creatures vanquished.

Notes
Turn   | Place    | Note
-------+----------+-------------------------------------------
     0 | D:1      | Dylgear the Formicid Fighter began the quest for the Orb.
     0 | D:1      | Reached XP level 1. HP: 18/18 MP: 1/1
   176 | D:1      | Reached XP level 2. HP: 24/24 MP: 2/2
   415 | D:1      | Found a faded altar of an unknown god.
   427 | D:1      | Reached XP level 3. HP: 24/29 MP: 3/3
  1458 | D:2      | Reached XP level 4. HP: 32/35 MP: 4/4
  1472 | D:2      | Reached skill level 5 in Shields
  1690 | D:2      | Reached skill level 3 in Axes
  1960 | D:3      | Reached XP level 5. HP: 37/42 MP: 5/5
  2284 | D:3      | Reached skill level 4 in Axes
  2322 | D:3      | Found a glowing drain.
  2326 | Sewer    | Entered a sewer
  2434 | Sewer    | Noticed a kobold brigand
  2644 | Sewer    | Killed a kobold brigand
  2645 | Sewer    | Reached XP level 6. HP: 38/48 MP: 6/6
  2756 | Sewer    | Found a white marble altar of Elyvilon.
  3579 | D:4      | Reached XP level 7. HP: 53/53 MP: 7/7
  3581 | D:4      | Reached skill level 5 in Axes
  4356 | D:4      | Reached skill level 5 in Armour
  4557 | D:4      | Reached skill level 6 in Axes
  4564 | D:4      | Reached XP level 8. HP: 34/60 MP: 8/8
  4952 | D:5      | Entered Level 5 of the Dungeon
  5085 | D:5      | Found Umpi's Self-Improvement Boutique.
  5316 | D:5      | Reached skill level 7 in Axes
  5323 | D:5      | Reached skill level 1 in Dodging
  5467 | D:5      | Reached XP level 9. HP: 49/66 MP: 9/9
  6435 | D:6      | Reached skill level 5 in Fighting
  6457 | D:6      | Found a staircase to the Ecumenical Temple.
  6466 | Temple   | Entered the Ecumenical Temple
  6694 | Temple   | Became a worshipper of the Wu Jian Council
  6742 | D:6      | Reached skill level 8 in Axes
  7181 | D:6      | Found a runed translucent gate.
  7181 | D:6      | Found a runed translucent gate.
  7181 | D:6      | Found a runed translucent gate.
  7181 | D:6      | Noticed rabbitsville's ghost (novice HOCj)
  7181 | D:6      | Noticed OldManVictorn's ghost (amateur GnDe)
  7181 | D:6      | Noticed Gorgondantess's ghost (novice TeAE)
  7181 | D:6      | Noticed IdlyInterested's ghost (novice DsFi)
  7380 | D:6      | HP: 3/69 [wyvern (4)]
  7380 | D:6      | Mangled by a wyvern

Illustrated notes

Levels and vault maps discovered:
D:1:      dpeg_arrival_water_fire, layout_basic, ebering_ecumenical_altar_box,
          chequers_serial_rivers_micro_a, minmay_misc_feat_tower
D:2:      layout_loops_corners, minmay_small_reverse_x
D:3:      layout_rooms, lightli_sewer_entry_pipes, minmay_joined_circles
D:4:      layout_rooms
D:5:      layout_layer_cave, st_stairs_4, nicolae_shop_self_help
D:6:      nicolae_BIG_FREAKIN_CUBE, layout_rooms,
          minmay_temple_entry_stoned_glass, gammafunk_ghost_cemetery
D:7:      layout_rooms, nemelex_xobeh_ov_fountains_minmay
Temple:   nicolae_temple_bog_church

Skill      XL: |  1  2  3  4  5  6  7  8  9 |
---------------+----------------------------+-----
Shields        | 5 6 7 |  7.9
Axes           | 3 4 6 7 8 |  8.5
Armour         | 4 5 6 |  6.2
Fighting       | 4 5 |  5.7
Dodging        | 1 |  1.1

Action                     |  1- 3 |  4- 6 |  7- 9 || total
---------------------------+-------+-------+-------++-------
  Melee: War axe           |    90 |   206 |   306 ||   602
Ability: Dig               |       |     2 |       ||     2
         Lunge             |       |       |     2 ||     2
  Evoke: Wand              |       |     2 |       ||     2
    Use: Scroll            |       |    10 |     3 ||    13
         Potion            |       |     2 |     5 ||     7
 Armour: Scale mail        |    45 |     4 |       ||    49
         Chain mail        |       |   139 |   166 ||   305
  Dodge: Dodged            |    50 |   121 |   160 ||   331
  Block: Buckler           |    21 |    88 |    95 ||   204

Table legend: (Time is in decaauts)
 A = Elapsed time spent in this place.
 B = Non-inter-level travel time spent in this place.
 C = Inter-level travel time spent in this place.
 D = Time resting spent in this place.
 E = Time spent auto-exploring this place.
 F = Levels seen in this place.
 G = Mean time per level.
                   A        B        C        D        E       F      G
               +--------+--------+--------+--------+--------+-----+--------+
         Total |   7713 |   7345 |    368 |   1194 |   3862 |   9 |  857.0 |
       Dungeon |   6790 |   6447 |    343 |   1053 |   3697 |   7 |  970.0 |
        Temple |    254 |    229 |     25 |      0 |    164 |   1 |  254.0 |
         Sewer |    668 |    668 |      0 |    141 |      0 |   1 |  668.0 |
               +--------+--------+--------+--------+--------+-----+--------+

Top non-repeatable levels by time:
     D:5: 1422 daAuts
     D:3: 1379 daAuts
     D:2: 1261 daAuts
     D:4: 1027 daAuts
     D:1: 943 daAuts
     D:6: 717 daAuts
   Sewer: 668 daAuts
  Temple: 254 daAuts
     D:7: 39 daAuts
